 Dungeon Sprint DCSS version 0.22.1-2-g9c5b331383 (webtiles) character file.

8900000 Groucho the Axe Maniac (level 27, -91/246 (249) HPs)
             Began as a Demonspawn Gladiator on Jan 5, 2019.
             Was the Champion of Makhleb.
             Killed from afar by a wretched soul (119 damage)
             ... with a bolt of negative energy
             ... in the Dungeon (Sprint VIII: "Arena of Blood").
             The game lasted 00:03:37 (89 turns).

Groucho the Axe Maniac (Demonspawn Gladiator)         Turns: 89, Time: 00:03:37

HP:   -91/246 (249) AC:  6    Str: 19    XL:     27
MP:   0/54          EV: 43    Int: 12    God:    Makhleb [******]
Gold: 0             SH:  0    Dex: 31    Spells: 80/80 levels left

rFire    . . .     SeeInvis +   l - +∞ Axe of Woe
rCold    + . .     Gourm    .   (shield currently unavailable)
rNeg     . . .     Faith    .   b - +0 leather armour
rPois    .         Spirit   +   (helmet unavailable)
rElec    .         Reflect  .   (no cloak)
rCorr    .         Harm     .   (gloves unavailable)
MR       ++...     NoTele   +   (boots unavailable)
Stlth    ++++++++++             (no amulet)
HPRegen  0.51/turn              (no ring)
MPRegen  0.68/turn              (no ring)

@: mighty, agile, drained
A: antennae 3, claws 3, talons 3, cold resistance 1, passive freeze, powered by
pain 3, magic shield, magic regeneration, magic link, freezing cloud immunity
a: Minor Destruction, Lesser Servant of Makhleb, Major Destruction, Greater
Servant of Makhleb, Renounce Religion


You were in the Dungeon.
You worshipped Makhleb.
Makhleb was exalted by your worship.
You were not hungry.

You visited 1 branch

Inventory:

Hand Weapons
 a - a +0 war axe
 l - the +∞ Axe of Woe (weapon)
   (You found it in the Dungeon)
Missiles
 d - 3 throwing nets (quivered)
Armour
 b - a +0 leather armour (worn)
 c - a +0 helmet
Scrolls
 k - a scroll of blinking
Potions
 e - a potion of curing
 h - a potion of haste
 i - 2 potions of magic
 j - a potion of berserk rage
Comestibles
 f - a ration


   Skills:
 O Level 27(25.5) Fighting
 O Level 27(25.5) Axes
 O Level 27(25.5) Throwing
 O Level 27(25.5) Armour
 O Level 27(25.5) Dodging
 O Level 27(25.5) Stealth
 O Level 27(25.5) Unarmed Combat
 O Level 27(25.5) Spellcasting
 O Level 27(25.5) Invocations


You had 80 spell levels left.
You didn't know any spells.
Your spell library was empty.

Dungeon Overview and Level Annotations

Branches:
Dungeon (1/1)

Altars:
Makhleb


Innate Abilities, Weirdness & Mutations

You have a pair of large antennae on your head. (SInv)
You have claws for hands.
You have claws for feet.
Your flesh is cold resistant. (rC+)
A frigid envelope surrounds you and freezes all who hurt you.
You are powered by pain.
When hurt, damage is shared between your health and your magic reserves.
You regenerate magic rapidly.
When low on magic, you restore magic in place of health.
You are immune to freezing clouds.


Message History

* * * LOW HITPOINT WARNING * * *
You focus on the pain.
You feel more agile all of a sudden.
The bag of meat convulses!
You hear a shout! x2
The bag of meat is engulfed in blazing flames.
You hear a shout! x2
You slice the bag of meat!!
You hew the bag of meat savagely.
You kill the bag of meat!
Makhleb accepts your kill.
You slash the reaper!
You butcher the reaper messily.
You kill the reaper!
You are engulfed in blazing flames.
* * * LOW HITPOINT WARNING * * *
You hear a shout! x3
The small abomination is engulfed in blazing flames.
You hear a shout!
The wretched soul breathes negative energy at you.
The bolt of negative energy hits you!
You feel drained.
You die...

.. ..... #.
...# #.. ...# .
.###.. ...###..
..%...###......
...%%%_WWz{.
#.%§§)# #_%§x@#
{ #%.W§§# {{{
....%._§.§.. {{
....%.###..%..{
.###.. W%.###..
#.. o.D.# {{ #.
..%# {{ ..
.....


You could see an eight-headed meat hydra, a sculptor of flesh, 3 wretched souls,
a dread and a small abomination.

Vanquished Creatures
  3 greater mummies (D)
  2 wraiths (D)
  7 vampire knights (D)
  21 ogres (D)
  11 two-headed ogres (D)
  A lich (D)
  44 orcs (D)
  5 skeletal warriors (D)
  6 large abominations (D)
  6 small abominations (D)
  4 crawling corpses (D)
110 creatures vanquished.

Vanquished Creatures (others)
  3 crawling corpses (D)
3 creatures vanquished.

Grand Total: 113 creatures vanquished

Notes
Turn   | Place    | Note
-------+----------+-------------------------------------------
     0 | D        | Found the +∞ Axe of Woe
     0 | D        | Groucho the Demonspawn Gladiator began the quest for the
                  | Orb.
     0 | D        | Reached XP level 1. HP: 16/16 MP: 1/1
     1 | D        | Noticed a bag of meat
     1 | D        | Noticed a bag of meat
     2 | D        | Noticed a bag of meat
     4 | D        | Noticed a bag of meat
     4 | D        | Noticed a bag of meat
     6 | D        | Became a worshipper of Makhleb the Destroyer
     7 | D        | Noticed a meat berserker
     9 | D        | Killed a bag of meat
     9 | D        | Gained mutation: You have sharp toenails. [demonic
                  | ancestry]
     9 | D        | Reached XP level 2. HP: 22/22 MP: 2/2
     9 | D        | Gained mutation: You have razor-sharp toenails. [demonic
                  | ancestry]
     9 | D        | Reached XP level 3. HP: 27/27 MP: 3/3
     9 | D        | Gained mutation: You have a pair of small antennae on your
                  | head. [demonic ancestry]
     9 | D        | Reached XP level 4. HP: 33/33 MP: 4/4
     9 | D        | Gained mutation: You have a pair of antennae on your head.
                  | [demonic ancestry]
     9 | D        | Reached XP level 5. HP: 38/38 MP: 5/5
     9 | D        | Gained mutation: When hurt, damage is shared between your
                  | health and your magic reserves. [demonic ancestry]
     9 | D        | Reached XP level 6. HP: 44/44 MP: 6/6
     9 | D        | Gained mutation: You have claws for feet. [demonic
                  | ancestry]
     9 | D        | Reached XP level 7. HP: 50/50 MP: 7/7
     9 | D        | Gained mutation: You sometimes gain a little power by
                  | taking damage. [demonic ancestry]
     9 | D        | Reached XP level 8. HP: 56/56 MP: 8/8
     9 | D        | Reached XP level 9. HP: 61/61 MP: 9/9
     9 | D        | Gained mutation: You sometimes gain power by taking damage.
                  | [demonic ancestry]
     9 | D        | Reached XP level 10. HP: 67/67 MP: 10/10
     9 | D        | Reached XP level 11. HP: 72/72 MP: 11/11
     9 | D        | Killed a bag of meat
     9 | D        | Reached * piety under Makhleb
     9 | D        | Reached XP level 12. HP: 78/78 MP: 12/12
     9 | D        | Noticed a bag of meat
    10 | D        | Killed a bag of meat
    10 | D        | Gained mutation: You regenerate magic rapidly. [demonic
                  | ancestry]
    10 | D        | Reached XP level 13. HP: 83/83 MP: 13/13
    10 | D        | Killed a bag of meat
    10 | D        | Gained mutation: You have sharp fingernails. [demonic
                  | ancestry]
    10 | D        | Reached XP level 14. HP: 90/90 MP: 14/14
    10 | D        | Noticed a meat berserker
    11 | D        | Killed a bag of meat
    11 | D        | Reached ** piety under Makhleb
    11 | D        | Killed a meat berserker
    11 | D        | Reached skill level 27 in Axes
    11 | D        | Reached skill level 27 in Dodging
    11 | D        | Gained mutation: You are powered by pain. [demonic
                  | ancestry]
    11 | D        | Reached XP level 15. HP: 98/98 MP: 14/17
    13 | D        | Noticed a meat berserker
    16 | D        | Killed a meat berserker
    16 | D        | Gained mutation: When low on magic, you restore magic in
                  | place of health. [demonic ancestry]
    16 | D        | Reached XP level 16. HP: 20/134 MP: 3/29
    16 | D        | Killed a meat berserker
    16 | D        | Reached *** piety under Makhleb
    18 | D        | Reached XP level 17. HP: 24/158 MP: 4/34
    20 | D        | Reached skill level 27 in Invocations
    22 | D        | Noticed a destroyer
    24 | D        | Reached **** piety under Makhleb
    24 | D        | Reached skill level 27 in Fighting
    24 | D        | Noticed a large bag of meat
    25 | D        | Noticed a large bag of meat
    26 | D        | Killed a destroyer
    26 | D        | Gained mutation: You have a pair of large antennae on your
                  | head. (SInv) [demonic ancestry]
    26 | D        | Reached XP level 18. HP: 182/182 MP: 8/35
    28 | D        | Noticed a meat berserker
    28 | D        | Noticed a large bag of meat
    29 | D        | Killed a large bag of meat
    29 | D        | Reached ***** piety under Makhleb
    29 | D        | Gained mutation: You have very sharp fingernails. [demonic
                  | ancestry]
    29 | D        | Reached XP level 19. HP: 189/189 MP: 7/36
    30 | D        | Noticed a large bag of meat
    30 | D        | Noticed a large bag of meat
    30 | D        | Noticed a destroyer
    32 | D        | Noticed a meat berserker
    33 | D        | Killed a large bag of meat
    33 | D        | Noticed a large bag of meat
    34 | D        | Killed a meat berserker
    34 | D        | Reached skill level 27 in Armour
    34 | D        | Reached skill level 27 in Unarmed Combat
    34 | D        | Reached XP level 20. HP: 174/197 MP: 6/37
    34 | D        | Noticed a destroyer
    35 | D        | Killed a large bag of meat
    35 | D        | Noticed a meat berserker
    35 | D        | Noticed a large bag of meat
    36 | D        | Killed a large bag of meat
    36 | D        | Killed a destroyer
    36 | D        | Reached skill level 27 in Spellcasting
    36 | D        | Gained mutation: You have claws for hands. [demonic
                  | ancestry]
    36 | D        | Reached XP level 21. HP: 204/204 MP: 40/52
    37 | D        | Reached ****** piety under Makhleb
    38 | D        | Killed a destroyer
    38 | D        | Reached skill level 27 in Throwing
    38 | D        | Reached XP level 22. HP: 212/212 MP: 53/53
    40 | D        | Reached skill level 27 in Stealth
    41 | D        | Noticed a destroyer
    42 | D        | Killed a large bag of meat
    42 | D        | Gained mutation: Your flesh is cold resistant. (rC+)
                  | [demonic ancestry]
    42 | D        | Reached XP level 23. HP: 219/219 MP: 38/54
    43 | D        | Noticed a large bag of meat
    44 | D        | Noticed a destroyer
    44 | D        | Noticed a destroyer
    44 | D        | Killed a large bag of meat
    45 | D        | Reached XP level 24. HP: 227/227 MP: 52/54
    46 | D        | Killed a large bag of meat
    47 | D        | Killed a large bag of meat
    48 | D        | Gained mutation: You are immune to freezing clouds.
                  | [demonic ancestry]
    48 | D        | Reached XP level 25. HP: 234/234 MP: 40/54
    49 | D        | Killed a destroyer
    50 | D        | Noticed a large bag of meat
    50 | D        | Killed a destroyer
    51 | D        | Reached XP level 26. HP: 242/242 MP: 37/54
    55 | D        | Noticed a tyrant
    57 | D        | Gained mutation: A frigid envelope surrounds you and
                  | freezes all who hurt you. [demonic ancestry]
    57 | D        | Reached XP level 27. HP: 249/249 MP: 32/54
    57 | D        | Noticed an accursed
    59 | D        | Killed a destroyer
    62 | D        | Noticed a large bag of meat
    66 | D        | Noticed a large bag of meat
    66 | D        | Killed a tyrant
    68 | D        | Noticed an accursed
    69 | D        | Killed a large bag of meat
    70 | D        | Noticed an accursed
    71 | D        | Noticed a dread
    72 | D        | Noticed a dread
    74 | D        | Noticed a destroyer
    74 | D        | Noticed a dread
    76 | D        | Killed a large bag of meat
    76 | D        | Killed a destroyer
    78 | D        | Noticed a tyrant
    79 | D        | Killed a large bag of meat
    83 | D        | HP: 7/249 [accursed/divine providence (10)]
    84 | D        | Killed an accursed
    84 | D        | Killed a dread
    84 | D        | Killed a dread
    87 | D        | Killed an accursed
    88 | D        | Killed an accursed
    89 | D        | Killed from afar by a wretched soul

Skill      XL: |  1  2  3  4  5  6  7  8  9 10 11 12 13 14 15 16 17 18 19 20 21 22 |
---------------+-------------------------------------------------------------------+-----
Axes           | 18 20 22 23 27 | 27.0
Dodging        | 18 20 22 23 27 | 27.0
Fighting       | 3 14 21 27 | 27.0
Invocations    | 2 18 26 27 | 27.0
Armour         | 16 21 27 | 27.0
Unarmed Combat | 16 21 27 | 27.0
Spellcasting   | 7 27 | 27.0
Throwing       | 14 27 | 27.0
Stealth        | 20 27 | 27.0

Action                   |  1- 3 |  4- 6 |  7- 9 | 10-12 | 13-15 | 16-18 | 19-21 | 22-24 | 25-27 || total
-------------------------+-------+-------+-------+-------+-------+-------+-------+-------+-------++-------
Melee: Executioner's axe |     1 |       |       |     1 |     2 |     6 |     6 |     9 |    37 ||    62
  Use: Potion            |       |       |       |       |       |       |       |       |     1 ||     1
Dodge: Dodged            |       |       |       |       |       |       |       |       |     2 ||     2
